 Dungeon Crawl Stone Soup version 0.24.0-125-gc4c63601f3 (webtiles) character file.

Game seed: 2850866723945438971, levelgen mode: deterministic

91 Mesmaeker13 the Digger (level 4, 0/27 HPs)
             Began as an Octopode Earth Elementalist on Feb 17, 2020.
             Killed from afar by an orc wizard (8 damage)
             ... with a puff of frost
             ... on level 2 of the Dungeon.
             The game lasted 00:02:04 (2057 turns).

Mesmaeker13 the Digger (OpEE)                       Turns: 2057, Time: 00:02:04

Health: 0/27       AC:  1    Str:  7    XL:     4   Next: 59%
Magic:  8/8        EV: 14    Int: 18    God:
Gold:   44         SH:  0    Dex: 12    Spells: 7/8 levels left

rFire    . . .     SeeInvis .   g - +0 short sword (venom)
rCold    . . .     Gourm    .   (no shield)
rNeg     . . .     Faith    .   (helmet restricted)
rPois    .         Spirit   .   (no amulet)
rElec    .         Reflect  .   (no ring)
rCorr    .         Harm     .   (no ring)
MR       .....                  (no ring)
Stlth    +++.......             (no ring)
HPRegen  0.09/turn              (no ring)
MPRegen  0.11/turn              (no ring)
                                (no ring)
                                (no ring)

@: no status effects
A: almost no armour, stealthy swim, amphibious, 8 rings, constrict 8, camouflage
1, gelatinous body 1
a: no special abilities


You were on level 2 of the Dungeon.
You were hungry.

You visited 1 branch of the dungeon, and saw 2 of its levels.

You collected 44 gold pieces.

Inventory:

Hand Weapons
 e - a +0 dagger
 g - a +0 short sword of venom (weapon)
Missiles
 b - 71 stones (quivered)
Scrolls
 f - 2 scrolls of identify {unknown}
 i - a scroll of remove curse {unknown}
Potions
 a - a potion of mutation {unknown}
 h - 2 potions of brilliance {unknown}
 j - a potion of might {unknown}
Comestibles
 c - 5 rations
 d - 3 chunks of flesh


   Skills:
 + Level 3.1 Dodging
 - Level 2.6 Stealth
 + Level 2.9 Spellcasting
   Level 1.0 Transmutations
 + Level 3.8 Earth Magic


You had 7 spell levels left.
You knew the following spells:

 Your Spells              Type           Power        Failure   Level  Hunger
a - Sandblast             Erth           ###...       3%          1    None

Your spell library contained the following spells:

 Spells                   Type           Power        Failure   Level  Hunger
 Passwall                 Tmut/Erth      ##......     9%          2    ##.....
 Stone Arrow              Conj/Erth      #.....       22%         3    ###....
 Petrify                  Tmut/Erth      ##......     52%         4    ####...
 Lee's Rapid Deconstruct  Erth           ###.......   67%         5    ######.


Dungeon Overview and Level Annotations

Branches:
Dungeon (2/15)

Altars:


Innate Abilities, Weirdness & Mutations

You cannot wear most types of armour.
You are very stealthy in the water. (Stealth+)
You are amphibious.
You can wear up to eight rings at the same time.
You can use your tentacles to constrict eight enemies at once.
Your skin changes colour to match your surroundings (Stealth+).
Your rubbery body absorbs attacks. (AC +1, EV +1)


Message History

Something hits you but does no damage.
You see here a chain mail.
You hear some strange, mumbled words.
A puff of flame appears from out of thin air!
The puff of flame hits you!
You hear some strange, mumbled words.
A puff of flame appears from out of thin air!
The puff of flame hits you!
* * * LOW HITPOINT WARNING * * *
Something hits you but does no damage.
You see here a hand axe.
You see here a rapier.
You hear some strange, mumbled words.
A puff of frost appears from out of thin air!
The puff of frost misses you. Something hits you but does no damage.
You hear some strange, mumbled words.
A puff of frost appears from out of thin air!
The puff of frost hits you!
You die...

..#..............#.
.......#####..#..#. #
#...)...g....#.
.#.####.#####..##.#.
............#..##.#. ##
#####............... .#
#####.###.#..##.## .#
..# #............##.#
.# #..#
#@###..........># .#
#<.# #.# #####.......#
.# #..# #.#
#######.#### .# #.)#
#.# #.......# .#
#..#####.####.#######
.########>............#
...........#####.######
.................#
##################


There were no monsters in sight!

Vanquished Creatures
  An orc wizard (D:2)
  2 adders (D:2)
  2 dart slugs (D:1)
  3 orcs (D:2)
  2 bats (D:1)
  2 giant cockroaches (D:1)
  4 goblins (D:1)
  4 hobgoblins (D:1)
  3 jackals (D:1)
  A ball python (D:1)
  6 frilled lizards (D:1)
  3 kobolds (D:1)
  5 rats (D:1)
38 creatures vanquished.

Notes
Turn   | Place    | Note
-------+----------+-------------------------------------------
     0 | D:1      | Mesmaeker13 the Octopode Earth Elementalist began the quest
                  | for the Orb.
     0 | D:1      | Reached XP level 1. HP: 11/11 MP: 3/3
   437 | D:1      | Reached XP level 2. HP: 1/17 MP: 5/5
  1041 | D:1      | Reached XP level 3. HP: 20/21 MP: 4/6
  1565 | D:2      | Found a faded altar of an unknown god.
  1898 | D:2      | Reached XP level 4. HP: 27/27 MP: 3/8
  2057 | D:2      | Killed from afar by an orc wizard

Levels and vault maps discovered:
D:1:      dpeg_arrival_three_same_balls, layout_loops_ring, serial_glass,
          glass_columns_a, glass_columns_c, nrook_mini_backslash, st_stairs_3,
          wad_floor_pattern_2, minmay_cut_off
D:2:      layout_loops_ring, chequers_ecumenical_altar_island,
          kennysheep_generic_room_16

Skill      XL: |  1  2  3  4 |
---------------+-------------+-----
Dodging        | 3 |  3.1
Stealth        | |  2.6
Spellcasting   | |  2.9
Transmutations | |  1.0
Earth Magic    | |  3.8

Action                   |  1- 3 |  4- 6 || total
-------------------------+-------+-------++-------
Melee: Unarmed           |    56 |       ||    56
       Constrict         |    23 |     3 ||    26
       Tentacles         |     8 |       ||     8
       Dagger            |    22 |       ||    22
       Short sword       |     6 |     5 ||    11
 Cast: Sandblast         |    11 |     2 ||    13
 Stab: Sleeping          |     8 |       ||     8
  Eat: Chunk             |     3 |       ||     3
Armor: Skin              |     9 |     3 ||    12
Dodge: Dodged            |    47 |     4 ||    51
